 Dungeon Crawl Stone Soup version 0.27-a0-1105-g946c659c87 (webtiles) character file.

Game seed: 284094854016185673

336 siradein the Slasher (level 6, -1/44 HPs)
             Began as a Vampire Gladiator on Apr 30, 2021.
             Slain by an ogre
             ... wielding a +0 giant spiked club
              (26 damage)
             ... on level 4 of the Dungeon.
             The game lasted 00:09:26 (3920 turns).

siradein the Slasher (Vampire Gladiator)            Turns: 3920, Time: 00:09:27

Health: -1/44      AC:  5    Str: 13    XL:     6   Next: 28%
Magic:  6/6        EV: 13    Int: 10    God:
Gold:   138        SH:  0    Dex: 18    Spells: 5/5 levels left

rFire    . . .     SeeInvis +   a - +0 long sword
rCold    + . .     Faith    .   (no shield)
rNeg     . . .     Spirit   .   o - +2 robe {rC+}
rPois    .         Reflect  .   c - +0 helmet
rElec    .         Harm     .   (no cloak)
rCorr    .         Rampage  .   (no gloves)
Will     +....                  (no boots)
Stlth    ++........             (no amulet)
HPRegen  0.34/turn              m - ring of willpower
MPRegen  0.10/turn              (no ring)

@: healing quickly
A: alive, fangs 3, see invisible, unbreathing 1, vampiric 2
a: Exsanguinate


You were on level 4 of the Dungeon.
You visited 1 branch of the dungeon, and saw 4 of its levels.

You collected 138 gold pieces.

Inventory:

Hand Weapons
 a - a +0 long sword (weapon)
Missiles
 d - 3 throwing nets (quivered)
 e - 94 stones
 j - 21 poisoned darts
 p - 26 sling bullets
Armour
 c - a +0 helmet (worn)
 o - a +2 robe of cold resistance (worn)
Jewellery
 m - a ring of willpower (left hand)
 s - an amulet of magic regeneration
Scrolls
 b - 2 scrolls of blinking {unknown}
 g - a scroll of magic mapping {unknown}
 h - 3 scrolls of identify {unknown}
 l - a scroll of summoning {unknown}
 q - a scroll of brand weapon {unknown}
 t - a scroll of amnesia {unknown}
 u - a scroll of immolation {unknown}
Potions
 f - 2 potions of haste {unknown}
 i - 2 potions of cancellation {unknown}
 k - a potion of flight {unknown}
 n - a potion of attraction {unknown}
 r - a potion of degeneration {unknown}


   Skills:
 - Level 1.7 Fighting
 + Level 7.1 Long Blades
 - Level 1.5 Throwing
 - Level 3.2 Dodging


You had 5 spell levels left.
You didn't know any spells.
Your spell library was empty.

Dungeon Overview and Level Annotations

Branches:
Dungeon (4/15)
 Temple: D:4-7

Altars:

Shops:
D:2 ?   D:4 :


Innate Abilities, Weirdness & Mutations

Your natural rate of healing is accelerated.
You have razor-sharp teeth.
You have supernaturally acute eyesight. (SInv)
You can survive without breathing.
You are afflicted with vampirism and can become a bat while bloodless.


Message History

The bullfrog skeleton is moderately damaged.
The bullfrog skeleton hits you.
You hit the bullfrog skeleton.
The bullfrog skeleton is heavily damaged.
The bullfrog skeleton hits you. x2
You slash the bullfrog skeleton!
The bullfrog skeleton is almost destroyed.
The bullfrog skeleton barely misses you.
You slash the bullfrog skeleton!
You destroy the bullfrog skeleton!
No target in view!
An ogre is nearby!
There is a stone staircase leading up here.
You climb upwards.
There is a stone staircase leading down here.
You start resting.
HP restored.
You climb downwards.
The ogre hits you with a +0 giant spiked club!
There is a stone staircase leading up, spattered with blood here.
You hit the ogre.
The ogre is moderately wounded.
The ogre closely misses you.
You riposte.
You hit the ogre. You bite the ogre, but do no damage.
The ogre is moderately wounded.
You barely miss the ogre.
The ogre is moderately wounded.
The ogre closely misses you.
You hit the ogre but do no damage.
The ogre is moderately wounded.
The ogre hits you with a +0 giant spiked club!
You are too injured to fight recklessly!
The kobold throws a stone.
The stone hits you but does no damage.
You hit the kobold.
You kill the kobold!
You hit the ogre.
The ogre is heavily wounded.
The ogre hits you with a +0 giant spiked club!!
Ouch! That really hurt!
You die...

.##.# #.# #.##.##.# ....# #.#
#.......# ....# #.######.####
.##.#######).......##############
.##..........###.................
..######....## #)#####.####.####.
#.# #.#### #.##..#.#..'.'..#. #.#
##.## #O##.##.#†.#.#)⌠#. #.#
#...# #@....#.#'##.####. ..#
#...# #.....#........... ###
#<..# ##.##.##.#'##.####. # #...#
#......#.#..'.+..#. # #...#
#..#####.#..#.#..#.
#######..)#####..#####.####.##'#.
#....................#...........
....................##.####.##'#.
#<...................#.#)['.'..#)


You could see an ogre.

Vanquished Creatures
  An orc priest (D:4)
  A hound (D:4)
  A bullfrog skeleton (D:4)
  Jessica (D:3)
  Natasha (thrice) (D:2)
  An orc wizard (D:4)
  A hound skeleton (D:4)
  2 adders (D:2)
  2 worms
  2 orcs (D:4)
  8 ball pythons
  5 endoplasms
  5 giant cockroaches
  9 goblins
  9 hobgoblins
  6 jackals
  4 quokkas
  5 bats
  2 frilled lizards
  8 kobolds
  8 rats
84 creatures vanquished.

Vanquished Creatures (others)
  A rat (D:2)
1 creature vanquished.

Grand Total: 85 creatures vanquished

Notes
Turn   | Place    | Note
-------+----------+-------------------------------------------
     0 | D:1      | siradein the Vampire Gladiator began the quest for the Orb.
     0 | D:1      | Reached XP level 1. HP: 16/16 MP: 1/1
   168 | D:1      | Reached XP level 2. HP: 22/22 MP: 2/2
   196 | D:1      | Found a faded altar of an unknown god.
   433 | D:1      | Reached skill level 4 in Long Blades
   726 | D:2      | Gained mutation: You are afflicted with vampirism and can
                  | become a bat while bloodless. [Vampire growth]
   726 | D:2      | Reached XP level 3. HP: 27/27 MP: 3/3
   811 | D:2      | Found Cagh's Magic Scroll Shoppe.
  1203 | D:2      | Noticed Natasha
  1212 | D:2      | Killed Natasha
  1213 | D:2      | Reached skill level 5 in Long Blades
  1213 | D:2      | Reached XP level 4. HP: 22/33 MP: 4/4
  1456 | D:2      | Noticed Natasha
  1469 | D:2      | Killed Natasha
  1990 | D:3      | Noticed Jessica
  2308 | D:2      | Noticed Natasha
  2321 | D:2      | Killed Natasha
  2322 | D:2      | Reached XP level 5. HP: 27/38 MP: 5/5
  2373 | D:3      | Killed Jessica
  2374 | D:3      | Reached skill level 6 in Long Blades
  3149 | D:4      | Noticed an ogre
  3150 | D:4      | Found Ahudwi's Book Shoppe.
  3816 | D:4      | Reached XP level 6. HP: 37/44 MP: 6/6
  3837 | D:4      | Reached skill level 7 in Long Blades
  3920 | D:4      | Slain by an ogre

Illustrated notes

Levels and vault maps discovered:
D:1:      dpeg_arrival_arbitrary_a, layout_basic, ebering_ecumenical_altar_box
D:2:      layout_basic, serial_shops, shop_statue, lemuel_old_faithful,
          uniq_natasha
D:3:      layout_basic, uniq_jessica
D:4:      minmay_door_path, layout_loops_cross, serial_shops,
          nicolae_shop_waterfront

Skill      XL: |  1  2  3  4  5  6 |
---------------+-------------------+-----
Long Blades    | 4 5 6 7 |  7.1
Fighting       | |  1.7
Throwing       | |  1.5
Dodging        | |  3.2

Action                   |  1- 3 |  4- 6 || total
-------------------------+-------+-------++-------
Melee: Long sword        |    92 |   133 ||   225
       Bite              |    11 |    20 ||    31
 Stab: Sleeping          |     2 |     4 ||     6
Armor: Leather armour    |    27 |     6 ||    33
       Robe              |       |    24 ||    24
       Skin              |       |     1 ||     1
Dodge: Dodged            |    58 |    70 ||   128
       Rpst.: Long sword |    19 |    23 ||    42

Table legend: (Time is in decaauts)
 A = Elapsed time spent in this place.
 B = Non-inter-level travel time spent in this place.
 C = Inter-level travel time spent in this place.
 D = Time resting spent in this place.
 E = Time spent auto-exploring this place.
 F = Levels seen in this place.
 G = Mean time per level.
                   A        B        C        D        E       F      G
               +--------+--------+--------+--------+--------+-----+--------+
         Total |   3974 |   3827 |    147 |    147 |   2467 |   4 |  993.5 |
       Dungeon |   3974 |   3827 |    147 |    147 |   2467 |   4 |  993.5 |
               +--------+--------+--------+--------+--------+-----+--------+

Top non-repeatable levels by time:
     D:2: 1767 daAuts
     D:3: 790 daAuts
     D:1: 728 daAuts
     D:4: 688 daAuts
